TOP OF THE 1ST |
Binghamton Mets batting - Pitching for Kane County Cougars : LHP Dave Martin
|
Pitching: LHP Dave Martin
|
|
Batting: RHB Tetsuhiro Taki
|
0-0: Called Strike 0-1: Ball 1-1: Ball 2-1: Foul Ball, location: 2F 2-2: Ball 3-2: Strikes out swinging
|
Batting: LHB Adam Barry
|
0-0: Ball 1-0: Ground out 4-3 (Groundball, 4, EV 103.8 MPH)
|
Batting: RHB David Stayton
|
0-0: Fly out, F7 (Flyball, 7, EV 95.0 MPH)
|
Top of the 1st over - 0 runs, 0 hits, 0 errors, 0 left on base; Binghamton 0 - Kane County 0 |
BOTTOM OF THE 1ST |
Kane County Cougars batting - Pitching for Binghamton Mets : RHP Zhao-ying Joe
|
Pitching: RHP Zhao-ying Joe
|
|
Batting: LHB Kevin Ferguson
|
0-0: Ball 1-0: Hit by Pitch
|
Batting: RHB Edgar Garcia
|
0-0: Ball Wild Pitch! Kevin Ferguson to second 1-0: Ball 2-0: Ball 3-0: Called Strike 3-1: Base on Balls
|
Batting: LHB Rick Roemer
|
0-0: Ball 1-0: Ball 2-0: Called Strike 2-1: Ball 3-1: TRIPLE (Flyball, 89XD, EV 97.5 MPH) Kevin Ferguson scores Edgar Garcia scores
|
Batting: LHB T.J. Duvall
|
0-0: Ball 1-0: Ball 2-0: Called Strike 2-1: Called Strike 2-2: Strikes out swinging
|
Batting: RHB Marlon Reda
|
0-0: Ball 1-0: Ball 2-0: Foul Ball, location: 2F 2-1: Ball 3-1: Base on Balls
|
Batting: RHB Sergio Manzanero
|
0-0: Called Strike 0-1: Swinging Strike 0-2: Strikes out swinging
|
Batting: RHB John Pena
|
0-0: SINGLE (Groundball, 56D, EV 102.5 MPH) Rick Roemer scores Marlon Reda to second
|
Batting: RHB Jake Hodge
|
0-0: Called Strike 0-1: Swinging Strike 0-2: Ball 1-2: Ball 2-2: Ball 3-2: Base on Balls Marlon Reda to third John Pena to second
|
Batting: RHB Curt Barrett
|
0-0: Ball 1-0: Called Strike 1-1: Ball 2-1: Foul Ball, location: 2F 2-2: Strikes out swinging
|
Bottom of the 1st over - 3 runs, 2 hits, 0 errors, 3 left on base; Binghamton 0 - Kane County 3 |
TOP OF THE 2ND |
Binghamton Mets batting - Pitching for Kane County Cougars : LHP Dave Martin
|
Batting: RHB Gang-sheng Chew
|
0-0: Ball 1-0: Swinging Strike 1-1: Called Strike 1-2: Foul Ball, location: 2F 1-2: Strikes out swinging
|
Batting: LHB Javy Cavazos
|
0-0: Ball 1-0: Ground out 4-3 (Groundball, 4, EV 103.8 MPH)
|
Batting: SHB Julio Ramos
|
0-0: Foul Ball, location: 2F 0-1: Foul Ball, location: 2F 0-2: Strikes out swinging
|
Top of the 2nd over - 0 runs, 0 hits, 0 errors, 0 left on base; Binghamton 0 - Kane County 3 |
BOTTOM OF THE 2ND |
Kane County Cougars batting - Pitching for Binghamton Mets : RHP Zhao-ying Joe
|
Batting: LHB Kevin Ferguson
|
0-0: Called Strike 0-1: Swinging Strike 0-2: Ball 1-2: Foul Ball, location: 2F 1-2: Ball 2-2: Strikes out swinging
|
Batting: RHB Edgar Garcia
|
0-0: Ball 1-0: SINGLE (Line Drive, 89S, EV 89.4 MPH)
|
Batting: LHB Rick Roemer
|
0-0: Ball 1-0: Fly out, F8 (Flyball, 8RD, EV 92.5 MPH)
|
Batting: LHB T.J. Duvall
|
0-0: Called Strike 0-1: Swinging Strike 0-2: Ball 1-2: Strikes out swinging
|
Bottom of the 2nd over - 0 runs, 1 hit, 0 errors, 1 left on base; Binghamton 0 - Kane County 3 |
TOP OF THE 3RD |
Binghamton Mets batting - Pitching for Kane County Cougars : LHP Dave Martin
|
Batting: SHB Tadaaki Kondo
|
0-0: Ball 1-0: Ball 2-0: Ball 3-0: Base on Balls
|
Batting: SHB Jerry Burrows
|
0-0: Called Strike 0-1: Ball 1-1: SINGLE (Flyball, 4MD, EV 93.1 MPH) Tadaaki Kondo to second
|
Batting: LHB Mike Pesek
|
0-0: SINGLE (Groundball, P, EV 93.1 MPH) (infield hit) Tadaaki Kondo to third Jerry Burrows to second
|
Batting: RHB Tetsuhiro Taki
|
0-0: Called Strike 0-1: Called Strike 0-2: SINGLE (Line Drive, 56, EV 108.1 MPH) Tadaaki Kondo scores Jerry Burrows to third Mike Pesek to second
|
Batting: LHB Adam Barry
|
0-0: Ball 1-0: Foul Ball, location: 2F 1-1: Foul Ball, location: 2F 1-2: Foul Ball, location: 2F 1-2: Ball 2-2: Fly out, F9 (Flyball, 9, EV 85.0 MPH) Runner from 3rd tags up, SCORES, throw by RF
|
Batting: RHB David Stayton
|
0-0: Ball 1-0: Ball 2-0: Foul Ball, location: 2F 2-1: DOUBLE (Groundball, 5L, EV 96.2 MPH) Mike Pesek scores Tetsuhiro Taki to third
|
Batting: RHB Gang-sheng Chew
|
0-0: Swinging Strike 0-1: Foul Ball, location: 2F 0-2: Foul Ball, location: 2F 0-2: Strikes out swinging
|
Batting: LHB Javy Cavazos
|
0-0: Called Strike 0-1: Fly out, F6 (Line Drive, 6, EV 68.1 MPH)
|
Top of the 3rd over - 3 runs, 4 hits, 0 errors, 2 left on base; Binghamton 3 - Kane County 3 |
BOTTOM OF THE 3RD |
Kane County Cougars batting - Pitching for Binghamton Mets : RHP Zhao-ying Joe
|
Batting: RHB Marlon Reda
|
0-0: SINGLE (Groundball, 4MD, EV 97.5 MPH)
|
Batting: RHB Sergio Manzanero
|
0-0: Called Strike 0-1: Foul Ball, location: 2F 0-2: Ball 1-2: Ball 2-2: Foul Ball, location: 2F 2-2: Strikes out looking
|
Batting: RHB John Pena
|
0-0: Fielders Choice at 2nd, 4-6 (Groundball, 4, EV 84.4 MPH)
|
Batting: RHB Jake Hodge
|
0-0: Ball 1-0: Called Strike 1-1: Ball 2-1: Foul Ball, location: 2F 2-2: Ground out U3 (Groundball, 3S, EV 84.4 MPH)
|
Bottom of the 3rd over - 0 runs, 1 hit, 0 errors, 1 left on base; Binghamton 3 - Kane County 3 |
TOP OF THE 4TH |
Binghamton Mets batting - Pitching for Kane County Cougars : LHP Dave Martin
|
Batting: SHB Julio Ramos
|
0-0: Swinging Strike 0-1: Foul Ball, location: 2F 0-2: Ball 1-2: Foul Ball, location: 2F 1-2: Ball 2-2: Foul Ball, location: 2F 2-2: Ball 3-2: Ground out 6-3 (Groundball, 6, EV 79.4 MPH)
|
Batting: SHB Tadaaki Kondo
|
0-0: Ball 1-0: Ball 2-0: Ball 3-0: Called Strike 3-1: Ground out 4-3 (Groundball, 4, EV 104.4 MPH)
|
Batting: SHB Jerry Burrows
|
0-0: Called Strike 0-1: Foul Ball, location: 2F 0-2: Hit by Pitch
|
Batting: LHB Mike Pesek
|
0-0: Called Strike 0-1: Foul Ball, location: 2F 0-2: Ground out 4-3 (Groundball, 34, EV 85.0 MPH)
|
Top of the 4th over - 0 runs, 0 hits, 0 errors, 1 left on base; Binghamton 3 - Kane County 3 |
BOTTOM OF THE 4TH |
Kane County Cougars batting - Pitching for Binghamton Mets : RHP Zhao-ying Joe
|
Batting: RHB Curt Barrett
|
0-0: Called Strike 0-1: Swinging Strike 0-2: Foul Ball, location: 2F 0-2: Foul Ball, location: 2F 0-2: Strikes out looking
|
Batting: LHB Kevin Ferguson
|
0-0: Called Strike 0-1: Ball 1-1: Ball 2-1: SINGLE (Groundball, 4D, EV 95.6 MPH)
|
Batting: RHB Edgar Garcia
|
0-0: Called Strike 0-1: Ball 1-1: Ball 2-1: Ball 3-1: Foul Ball, location: 2F 3-2: Base on Balls Kevin Ferguson to second
|
Batting: LHB Rick Roemer
|
0-0: Ball 1-0: Foul Ball, location: 2F 1-1: Ball 2-1: Ball 3-1: Base on Balls Kevin Ferguson to third Edgar Garcia to second
|
Batting: LHB T.J. Duvall
|
0-0: Ball 1-0: Ball 2-0: Swinging Strike 2-1: GRAND SLAM HOME RUN (Flyball, 7D, EV 99.4 MPH), Distance : 384 ft
|
Pitching: RHP Iwao Machida
|
|
Batting: RHB Marlon Reda
|
0-0: Fly out, F7 (Flyball, 78M, EV 98.1 MPH)
|
Batting: RHB Sergio Manzanero
|
0-0: Ball 1-0: Called Strike 1-1: Called Strike 1-2: Ball 2-2: Ball 3-2: Strikes out looking
|
Bottom of the 4th over - 4 runs, 2 hits, 0 errors, 0 left on base; Binghamton 3 - Kane County 7 |
TOP OF THE 5TH |
Binghamton Mets batting - Pitching for Kane County Cougars : LHP Dave Martin
|
Batting: RHB Tetsuhiro Taki
|
0-0: Ball 1-0: Ball 2-0: Swinging Strike 2-1: Swinging Strike 2-2: Strikes out looking
|
Batting: LHB Adam Barry
|
0-0: Called Strike 0-1: Ball 1-1: Ball 2-1: Ground out 4-3 (Groundball, 4, EV 83.8 MPH)
|
Batting: RHB David Stayton
|
0-0: Called Strike 0-1: Ball 1-1: Ball 2-1: Ball 3-1: Base on Balls
|
Batting: RHB Gang-sheng Chew
|
0-0: Ball 1-0: Ball 2-0: Ball 3-0: Called Strike 3-1: Swinging Strike 3-2: Base on Balls David Stayton to second
|
Batting: LHB Javy Cavazos
|
0-0: Ball 1-0: Fly out, F7 (Flyball, 7D, EV 85.0 MPH)
|
Top of the 5th over - 0 runs, 0 hits, 0 errors, 2 left on base; Binghamton 3 - Kane County 7 |
BOTTOM OF THE 5TH |
Kane County Cougars batting - Pitching for Binghamton Mets : RHP Iwao Machida
|
Batting: RHB John Pena
|
0-0: Called Strike 0-1: Foul Ball, location: 2F 0-2: Ball 1-2: Strikes out looking
|
Batting: RHB Jake Hodge
|
0-0: Ball 1-0: Ground out U3 (Groundball, 34, EV 94.4 MPH)
|
Batting: RHB Curt Barrett
|
0-0: Ball 1-0: Ground out 5-3 (Groundball, 56S, EV 93.8 MPH)
|
Bottom of the 5th over - 0 runs, 0 hits, 0 errors, 0 left on base; Binghamton 3 - Kane County 7 |
TOP OF THE 6TH |
Binghamton Mets batting - Pitching for Kane County Cougars : LHP Dave Martin
|
Batting: SHB Julio Ramos
|
0-0: Ground out 4-3 (Groundball, 4M, EV 106.9 MPH)
|
Batting: SHB Tadaaki Kondo
|
0-0: Ball 1-0: Swinging Strike 1-1: Called Strike 1-2: Strikes out looking
|
Batting: SHB Jerry Burrows
|
0-0: Called Strike 0-1: SINGLE (Groundball, 6MD, EV 99.4 MPH)
|
Batting: LHB Mike Pesek
|
0-0: Swinging Strike 0-1: Fielders Choice at 2nd, U4 (Groundball, 4M, EV 88.1 MPH)
|
Top of the 6th over - 0 runs, 1 hit, 0 errors, 1 left on base; Binghamton 3 - Kane County 7 |
BOTTOM OF THE 6TH |
Kane County Cougars batting - Pitching for Binghamton Mets : RHP Iwao Machida
|
Batting: LHB Kevin Ferguson
|
0-0: Ball 1-0: Called Strike 1-1: Ball 2-1: Swinging Strike 2-2: Ball 3-2: Single, Error in OF, E8, batter to second base (Groundball, 4D, EV 110.0 MPH)
|
Batting: RHB Edgar Garcia
|
0-0: Swinging Strike 0-1: Swinging Strike 0-2: Ground out 4-3 (Groundball, 4, EV 89.4 MPH) Kevin Ferguson to third
|
Batting: LHB Rick Roemer
|
0-0: Ball 1-0: Called Strike 1-1: Ball 2-1: Ball 3-1: Fly out, F7 (Flyball, 78S, EV 83.1 MPH)
|
Batting: LHB T.J. Duvall
|
0-0: Ball 1-0: Called Strike 1-1: Ball 2-1: SINGLE (Groundball, 34D, EV 104.4 MPH) (infield hit) Kevin Ferguson scores
|
Pitching: LHP Matt Allert
|
|
Batting: RHB Marlon Reda
|
0-0: Ball 1-0: Swinging Strike 1-1: Ball 2-1: Ball 3-1: Ground out U3 (Groundball, 3, EV 81.9 MPH)
|
Bottom of the 6th over - 1 run, 2 hits, 1 error, 1 left on base; Binghamton 3 - Kane County 8 |
TOP OF THE 7TH |
Binghamton Mets batting - Pitching for Kane County Cougars : LHP Dave Martin
|
Batting: RHB Tetsuhiro Taki
|
0-0: SINGLE (Groundball, 34D, EV 99.4 MPH)
|
Batting: LHB Adam Barry
|
|
Pinch Hitting: RHB Pete Isley
|
0-0: Grounds into double play, 6-4-3 (Groundball, 6, EV 106.2 MPH)
|
Batting: RHB David Stayton
|
0-0: Ball 1-0: Called Strike 1-1: Fly out, F7 (Flyball, 7S, EV 87.5 MPH)
|
Top of the 7th over - 0 runs, 1 hit, 0 errors, 0 left on base; Binghamton 3 - Kane County 8 |
BOTTOM OF THE 7TH |
Kane County Cougars batting - Pitching for Binghamton Mets : LHP Matt Allert
|
Now at 1B: Pete Isley
|
|
Batting: RHB Sergio Manzanero
|
0-0: Swinging Strike 0-1: Ball 1-1: Called Strike 1-2: Ball 2-2: Ball 3-2: Foul Ball, location: 2F 3-2: Strikes out swinging
|
Batting: RHB John Pena
|
0-0: Swinging Strike 0-1: Ball 1-1: Ground out 5-3 (Groundball, 56S, EV 87.5 MPH)
|
Batting: RHB Jake Hodge
|
0-0: Fly out, F7 (Flyball, 7LD, EV 86.9 MPH)
|
Bottom of the 7th over - 0 runs, 0 hits, 0 errors, 0 left on base; Binghamton 3 - Kane County 8 |
TOP OF THE 8TH |
Binghamton Mets batting - Pitching for Kane County Cougars : LHP Dave Martin
|
Pitching: RHP Perry Mills
|
|
Batting: RHB Gang-sheng Chew
|
0-0: Called Strike 0-1: Foul Ball, location: 2F 0-2: Foul Ball, location: 2F 0-2: Foul Ball, location: 2F 0-2: Foul Ball, location: 2F 0-2: Strikes out swinging, 2-3 out at first.
|
Batting: LHB Javy Cavazos
|
0-0: Ball 1-0: SINGLE (Groundball, 3D, EV 94.4 MPH)
|
Batting: SHB Julio Ramos
|
0-0: Called Strike 0-1: Reached on error, E3 (Groundball, 34S, EV 88.8 MPH) Javy Cavazos to second
|
Batting: SHB Tadaaki Kondo
|
0-0: Called Strike 0-1: Ball 1-1: Ball 2-1: Foul Ball, location: 2F 2-2: Strikes out swinging
|
Batting: SHB Jerry Burrows
|
0-0: Foul Ball, location: 2F 0-1: Ball 1-1: Ball 2-1: Foul Ball, location: 2F 2-2: Ball 3-2: Base on Balls Javy Cavazos to third Julio Ramos to second
|
Batting: LHB Mike Pesek
|
0-0: Ball 1-0: Ball 2-0: Ball 3-0: Called Strike 3-1: Ground out U3 (Groundball, 3L, EV 91.2 MPH)
|
Top of the 8th over - 0 runs, 1 hit, 1 error, 3 left on base; Binghamton 3 - Kane County 8 |
BOTTOM OF THE 8TH |
Kane County Cougars batting - Pitching for Binghamton Mets : LHP Matt Allert
|
Batting: RHB Curt Barrett
|
0-0: Swinging Strike 0-1: Ball 1-1: Ball 2-1: Called Strike 2-2: Foul Ball, location: 2F 2-2: Foul Ball, location: 2F 2-2: Foul Ball, location: 2F 2-2: Foul Ball, location: 2F 2-2: Strikes out swinging
|
Batting: LHB Kevin Ferguson
|
0-0: Called Strike 0-1: Swinging Strike 0-2: Fly out, F6 (Popup, 6MS, EV 70.6 MPH)
|
Batting: RHB Edgar Garcia
|
0-0: Called Strike 0-1: Foul Ball, location: 2F 0-2: Ball 1-2: Foul Ball, location: 2F 1-2: Ball 2-2: Strikes out swinging
|
Bottom of the 8th over - 0 runs, 0 hits, 0 errors, 0 left on base; Binghamton 3 - Kane County 8 |
TOP OF THE 9TH |
Binghamton Mets batting - Pitching for Kane County Cougars : RHP Perry Mills
|
Batting: RHB Tetsuhiro Taki
|
0-0: Ball 1-0: Swinging Strike 1-1: Swinging Strike 1-2: SINGLE (Line Drive, 78S, EV 101.9 MPH)
|
Batting: RHB Pete Isley
|
0-0: SINGLE (Groundball, 56D, EV 103.1 MPH) Tetsuhiro Taki to second
|
Batting: RHB David Stayton
|
0-0: Called Strike 0-1: Foul Ball, location: 2F 0-2: Strikes out swinging
|
Pinch Hitting: LHB Bayesa Mundhir
|
0-0: Called Strike 0-1: Ball 1-1: Fly out, F9 (Flyball, 9D, EV 77.5 MPH) Runner from 2nd tags up, SAFE at 3rd, no throw by RF
|
Batting: LHB Javy Cavazos
|
0-0: Fly out, F6 (Flyball, 56D, EV 86.2 MPH)
|
Top of the 9th over - 0 runs, 2 hits, 0 errors, 2 left on base; Binghamton 3 - Kane County 8 |
|